 Dungeon Crawl Stone Soup version 0.25.1-2-g60ff931df9 (webtiles) character file.

Game seed: 16347254031539083197

280097 DildoBatman the Earth Mage (level 21, 0/153 HPs)
             Began as a Formicid Wizard on Sept 30, 2020.
             Was an Initiate of Gozag.
             Slain by a titanic slime creature (139 damage)
             ... on level 2 of the Vaults on Oct 1, 2020.
             The game lasted 03:00:29 (40986 turns).

DildoBatman the Earth Mage (Formicid Wizard)       Turns: 40986, Time: 03:00:30

Health: 0/153      AC: 19    Str: 13    XL:     21   Next: 33%
Magic:  12/40      EV: 17    Int: 31    God:    Gozag
Gold:   9080       SH: 19    Dex: 21    Spells: 15/50 levels left

rFire    x . .     SeeInvis +   a - +3 war axe "Luatz" {vorpal, +Inv rPois rF- Int+4}
rCold    . . .     Gourm    .   Y - +0 tower shield
rNeg     . . .     Faith    .   o - +3 troll leather armour
rPois    +         Spirit   .   (helmet unavailable)
rElec    .         Reflect  .   F - +3 cloak of Fortification {Stlth+}
rCorr    .         Harm     .   k - +0 pair of gloves
MR       +++..                  A - +1 pair of boots
Stlth    +++.......             m - amulet of magic regeneration
HPRegen  0.75/turn              T - +6 ring of dexterity
MPRegen  0.52/turn              X - +6 ring of dexterity

@: no status effects
A: permanent stasis, dig shafts and tunnels, four strong arms, antennae 3,
iridescent scales 1, magic resistance 1, wild magic 1
}: 2/15 runes: decaying, gossamer
a: Dig, Shaft Self, Potion Petition, Call Merchant, Bribe Branch, Renounce
Religion, Evoke Invisibility


You were on level 2 of the Vaults.
You worshipped Gozag.
Gozag was greatly pleased with you.
You were not hungry.

You visited 7 branches of the dungeon, and saw 34 of its levels.
You visited 1 bazaar.
You also visited: Ice Cave and Volcano.

You collected 12211 gold pieces.
You spent 2683 gold pieces at shops.
You paid 448 gold pieces to Gozag.

Inventory:

Hand Weapons
 a - the +3 war axe "Luatz" (weapon) {vorpal, +Inv rPois rF- Int+4}
   (You found it on level 9 of the Dungeon)

   It inflicts extra damage upon your enemies.
   It affects your intelligence (+4).
   It makes you vulnerable to fire.
   It protects you from poison.
   It lets you turn invisible.
 b - the +7 war axe "Keoss" {vorpal, rPois rF- Int-3 Dex+6}
   (You bought it in a shop on level 2 of the Orcish Mines)

   It inflicts extra damage upon your enemies.
   It affects your intelligence (-3).
   It affects your dexterity (+6).
   It makes you vulnerable to fire.
   It protects you from poison.
 c - a +3 arbalest of freezing
 d - a +5 scimitar of flaming
 e - a +3 demon trident of draining
 S - the +5 morningstar of Judgement {freeze, Int+4}
   (You found it on level 2 of the Spider Nest)

   It has been specially enchanted to freeze those struck by it, causing extra
   injury to most foes and up to half again as much damage against particularly
   susceptible opponents.
   It can also slow down cold-blooded creatures.
   It affects your intelligence (+4).
Missiles
 h - 655 arrows
 i - 445 bolts
 J - 58 sling bullets
 L - 6 throwing nets (quivered)
Armour
 k - a +0 pair of gloves (worn)
 o - a +3 troll leather armour (worn)
 t - a scarf of repulsion
 A - a +1 pair of boots (worn)
 F - the +3 cloak of Fortification (worn) {Stlth+}
   (You found it on level 4 of the Dungeon)

   It makes you more stealthy.
 G - a +2 kite shield of reflection
 W - the +1 pair of boots "Tuapayl" {rPois rC- MR- Dex+8}
   (You found it on level 15 of the Dungeon)

   It affects your dexterity (+8).
   It makes you vulnerable to cold.
   It protects you from poison.
   It affects your resistance to hostile enchantments.
 Y - a +0 tower shield (worn)
Magical Staves
 H - an uncursed staff of energy
 M - an uncursed staff of fire {unknown}
Jewellery
 m - an amulet of magic regeneration (around neck)
 E - an uncursed ring of wizardry
 T - a +6 ring of dexterity (left hand)
 U - an uncursed ring of protection from cold
 X - a +6 ring of dexterity (right hand)
Wands
 s - a wand of acid (39)
 O - a wand of clouds (8)
 Q - a wand of iceblast (25)
Scrolls
 l - 3 scrolls of immolation
 p - a scroll of enchant weapon
 q - a scroll of holy word
 r - a scroll of amnesia
 x - 20 scrolls of remove curse
 y - 8 scrolls of fog
 z - 8 scrolls of identify
 C - 5 scrolls of magic mapping
 I - a scroll of silence {unknown}
 P - a scroll of enchant armour
Potions
 f - 6 potions of brilliance
 g - a potion of stabbing
 j - 3 potions of invisibility
 n - 7 potions of ambrosia
 u - 7 potions of might
 w - 4 potions of cancellation
 D - 4 potions of resistance
 K - 14 potions of curing
 N - 5 potions of magic
 Z - 8 potions of heal wounds
Comestibles
 v - 33 rations


   Skills:
 - Level 10.0 Fighting
 - Level 10.0 Armour
 - Level 7.0 Dodging
 - Level 2.4 Stealth
 - Level 15.0 Shields
 - Level 15.0 Spellcasting
 - Level 6.0 Conjurations
   Level 1.0 Summonings
 * Level 18.0 Necromancy
   Level 0.8 Translocations
 - Level 8.0 Transmutations
 - Level 5.0 Fire Magic
 - Level 5.0 Air Magic
 - Level 18.0 Earth Magic


You had 15 spell levels left.
You knew the following spells:

 Your Spells              Type           Power        Failure   Level  Hunger
a - Conjure Flame         Conj/Fire      ######..     1%          3    None
b - Borgnjor's Vile Clut  Necr/Erth      ########..   1%          5    None
c - Bolt of Magma         Conj/Fire/Erth #######...   2%          5    None
d - Vampiric Draining     Necr           ########..   1%          3    None
e - Mephitic Cloud        Conj/Pois/Air  ######..     3%          3    None
f - Petrify               Tmut/Erth      #######.     1%          4    None
g - Iron Shot             Conj/Erth      #######...   4%          6    ###....
h - Dispel Undead         Necr           ########     1%          4    None
z - Sublimation of Blood  Necr           ########..   1%          2    None

Your spell library contained the following spells:

 Spells                   Type           Power        Failure   Level  Hunger
 Animate Skeleton         Necr           N/A          1%          1    None
 Magic Dart               Conj           ####         1%          1    None
 Pain                     Necr           ####         1%          1    None
 Corpse Rot               Necr/Air       N/A          1%          2    None
 Searing Ray              Conj           ######       1%          2    None
 Stone Arrow              Conj/Erth      ######       1%          3    None
 Animate Dead             Necr           N/A          1%          4    None
 Leda's Liquefaction      Hex/Erth       #######...   1%          4    None
 Death Channel            Necr           ########..   1%          6    ###....
 Poisonous Vapours        Pois/Air       ######       2%          2    None
 Apportation              Tloc           #####.       3%          1    None
 Summon Small Mammal      Summ           ####         3%          1    None
 Dazzling Flash           Conj/Hex       ######       3%          3    None
 Corona                   Hex            ####...      4%          1    None
 Call Imp                 Summ           #####...     4%          2    None
 Inner Flame              Hex/Fire       ######..     4%          3    None
 Ensorcelled Hibernation  Hex/Ice        ####..       6%          2    None
 Slow                     Hex            ####....     6%          2    None
 Call Canine Familiar     Summ           #####...     8%          3    None
 Gell's Gravitas          Tloc           #####.....   8%          3    None
 Summon Guardian Golem    Hex/Summ       ####....     9%          3    None
 Iskenderun's Mystic Bla  Conj/Tloc      ######..     9%          4    None
 Portal Projectile        Hex/Tloc       ####..       10%         3    None
 Confusing Touch          Hex            ####....     11%         3    None
 Tukima's Dance           Hex            ####....     11%         3    None
 Fulminant Prism          Conj/Hex       ######....   11%         4    None
 Summon Lightning Spire   Summ/Air       ######..     11%         4    None
 Simulacrum               Ice/Necr       #######...   13%         6    ###....
 Borgnjor's Revivificati  Necr           ########..   14%         8    ######.
 Infestation              Necr           ########..   14%         8    ######.
 Yara's Violent Unravell  Hex/Tmut       ######....   17%         5    None
 Hydra Form               Tmut           #######...   19%         6    ###....
 Summon Ice Beast         Ice/Summ       ####....     26%         4    None
 Iskenderun's Battlesphe  Conj/Chrm      ######..     26%         5    None
 Cause Fear               Hex            ####......   30%         4    None
 Silence                  Hex/Air        ######....   30%         5    None
 Conjure Ball Lightning   Conj/Air       ######....   45%         6    ###....
 Haunt                    Necr/Summ      #######...   45%         7    #####..
 Summon Forest            Summ/Tloc      #####.....   50%         5    None
 Metabolic Englaciation   Hex/Ice        ####......   63%         5    None
 Eringya's Noxious Bog    Tmut/Pois      ######....   65%         6    ###....
 Necromutation            Tmut/Necr      #######...   67%         8    ######.
 Freezing Cloud           Conj/Ice/Air   ######....   71%         6    ###....
 Orb of Destruction       Conj           ######....   90%         7    #####..
 Spellforged Servitor     Conj/Summ      ######....   99%         7    #####..
 Death's Door             Chrm/Necr      #######...   99%         8    ######.
 Ring of Flames           Chrm/Fire      ######....   100%        7    #####..
 Summon Hydra             Summ           #####.....   100%        7    #####..
 Discord                  Hex            ####......   100%        8    ######.
 Tornado                  Air            ######....   100%        9    #######
 Blink                    Tloc           Unusable     N/A         2    N/A

Dungeon Overview and Level Annotations

Branches:
Dungeon (15/15)            Temple (1/1) D:5            Lair (6/6) D:8
  Swamp (4/4) Lair:3       Spider (4/4) Lair:2        Slime (0/5) Lair:5
    Orc (2/2) D:11            Elf (0/3) Orc:2        Vaults (2/5) D:13
 Depths (0/5) D:15          IceCv (visited)         Volcano (visited)
  Crypt: Vaults:2-3

Altars:
Ashenzari
Cheibriados
Dithmenos
Elyvilon
Fedhas
Gozag
Hepliaklqana
Kikubaaqudgha
Makhleb
Nemelex Xobeh
Okawaru
Qazlal
Ru
Sif Muna
Trog
Uskayaw
Vehumet
Wu Jian
Xom
Yredelemnul
Zin
The Shining One

Shops:
D:4 (   D:5 !   D:6 (   D:9 %!(   Orc:1 =}=   Orc:2 *%}[

Annotations:
D:9 exclusion: blizzard demon
Spider:2 Nikola


Innate Abilities, Weirdness & Mutations

You cannot be hasted, slowed, berserked, paralysed or teleported.
You can dig through walls and to a lower floor.
Your four strong arms can wield two-handed weapons with a shield.
You have a pair of large antennae on your head. (SInv)
You are partially covered in iridescent scales. (AC +2)
You are resistant to hostile enchantments. (MR+)
Your spells are a little harder to cast, but a little more powerful.


Message History

You block the ironbrand convoker's attack.
The vault sentinel is engulfed in blazing flames.
The vault guard shouts!
There is a large open door here.
The sentinel's mark upon you fades away.
Something unseen opens the door.
The vault sentinel is engulfed in blazing flames.
The ironbrand convoker gestures at the titanic slime creature while chanting.
The titanic slime creature seems to grow stronger.
As you read the scroll of fear, it crumbles to dust.
You assume a fearsome visage.
The vault warden looks frightened!
The ironbrand convoker looks frightened!
The vault sentinel looks frightened!
The titanic slime creature resists with some effort.
The vault sentinel looks frightened!
The titanic slime creature hits you!!!!
Ouch! That really hurt!
You die...
Your body crumbles into a pile of gold.

{##############+############+
#...........................
{+...........................
{#........................... {
#......................)(...
..J#...p{$..p.....[.pp....)....
...'$....####'p###'#######(####
...#.....# #..J....# #..(...#
#.....# #..@....# #......#
#...?.# #.......# #..))..#
####.....# #.......# #......#
#..#.....# #.......# #......#
..#..#.....# #.......# #...)..#
..#..#.....# #.......# #...)..#
..#..#....?# #.......# ####'###
..#..#.....# ######### #....
..#..#.....# ##########....


You could see a titanic slime creature (strong), 2 vault sentinels and an
ironbrand convoker (fleeing).

Vanquished Creatures
  Mara (Swamp:3)
  Bai Suzhen (Swamp:3)
  Rupert (Orc:2)
  Asterion (Spider:3)
  Frances (Spider:1)
  2 thorn hunters
  Donald (Swamp:3)
  4 ghost moths
  Aizul (Swamp:1)
  4 vault wardens
  Louise (D:14)
  6 ironheart preservers
  6 emperor scorpions
  5 very ugly things
  2 stone giants (Vaults:2)
  6 entropy weavers
  Azrael (D:15)
  A spark wasp (Spider:4)
  An ettin (D:13)
  3 fire dragons
  3 yaktaur captains
  2 great orbs of eyes (Vaults:1)
  Harold (D:7)
  2 vault guards (Vaults:2)
  29 hydras
  An ice dragon (Vaults:1)
  Erica (Orc:1)
  A shambling mangrove (Swamp:3)
  A catoblepas (Lair:6)
  2 ghost crabs
  9 centaur warriors
  2 rakshasas (Vaults:1)
  A queen ant (Spider:2)
  28 two-headed ogres
  An anaconda (shapeshifter) (D:13)
  2 death knights
  7 ogre magi
  11 death yaks
  14 alligators
  2 tengu warriors (D:14)
  A deep troll shaman (Lair:6)
  An orc high priest (Orc:1)
  Sonja (D:11)
  2 deep elf knights (Vaults:2)
  A deep troll (D:13)
  2 unseen horrors
  A glowing orange brain (Vaults:2)
  An unseen horror (shapeshifter) (D:13)
  2 spriggan druids
  7 skeletal warriors
  2 wizards (Vaults:1)
  7 swamp dragons
  9 ironbrand convokers
  A lindwurm (Lair:6)
  A deep elf archer (Vaults:1)
  A necromancer (IceCv)
  18 ugly things
  4 deep elf magi
  17 orb spiders
  3 oklob plants (Lair:2)
  7 orc knights
  An orc sorcerer (D:15)
  A wolf spider zombie (D:13)
  3 manticores
  3 salamanders (Volcano)
  8 elephants
  4 cyclopes
  2 moths of wrath
  A salamander (shapeshifter) (D:13)
  38 wolf spiders
  6 centaur zombies
  3 vault sentinels
  2 ice statues (IceCv)
  An eye of devastation (Lair:5)
  Maurice (D:8)
  6 black mambas
  2 gargoyles (D:14)
  8 torpor snails
  2 yaktaur zombies (D:14)
  7 spiny frogs
  A rime drake (Lair:6)
  An efreet (D:15)
  3 kobold demonologists
  4 komodo dragons
  A freezing wraith (D:14)
  3 yaktaurs (Vaults:1)
  4 ice devils (IceCv)
  2 tengu conjurers (D:15)
  13 demonic crawlers
  A queen bee (Lair:3)
  36 jumping spiders
  9 trolls
  19 hornets
  6 polar bears
  Grinder (D:5)
  11 tyrant leeches
  A tengu simulacrum (Vaults:2)
  2 hydra skeletons
  14 dream sheep
  21 slime creatures
  14 blink frogs
  7 hippogriffs
  3 bog bodies
  A fire dragon zombie (D:11)
  10 spriggans
  A spriggan (shapeshifter) (D:13)
  3 shadows
  Sigmund (D:5)
  7 wyverns
  36 tarantellas
  Eustachio (D:5)
  81 redbacks
  4 humans
  55 yaks
  4 wraiths
  13 fire bats (Volcano)
  3 fire elementals (D:15)
  A golden eye (shapeshifter) (Vaults:2)
  2 hogs (shapeshifter)
  Grum (D:9)
  3 basilisks
  2 hogs (D:9)
  A yaktaur simulacrum (Vaults:1)
  31 vampire mosquitoes
  4 hungry ghosts
  12 swamp worms
  A deep troll zombie (D:15)
  3 steam dragons
  Edmund (D:5)
  2 wargs
  9 insubstantial wisps
  9 soldier ants
  5 water moccasins
  An acid dragon (D:14)
  12 porcupines
  4 hell hounds (D:15)
  18 swamp drakes
  2 hornet zombies (D:13)
  A black bear (shapeshifter) (D:13)
  8 ice beasts
  An eye of draining (Lair:5)
  21 orc warriors
  3 phantoms
  7 sky beasts
  A black bear (D:6)
  21 wolves
  A spiny frog skeleton (Lair:1)
  2 necrophages (D:10)
  2 orc zombies
  28 ogres
  16 centaurs
  2 manticore skeletons (D:14)
  A blink frog skeleton (Lair:1)
  An elf skeleton (D:12)
  5 rime drake zombies (IceCv)
  11 crocodiles
  A big kobold (D:14)
  Blork the orc (D:4)
  17 bullfrogs
  A wyvern zombie (D:13)
  A rime drake skeleton (IceCv)
  A gnoll sergeant (D:7)
  A wyvern skeleton (D:13)
  3 scorpions
  19 killer bees (Lair:3)
  4 electric eels
  12 howler monkeys
  4 crimson imps
  2 draconian simulacra (IceCv)
  3 hounds
  A quasit (D:8)
  4 bullfrog zombies
  17 orc priests
  2 jellies
  A basilisk zombie (D:15)
  A human zombie (D:7)
  4 bullfrog skeletons
  Crazy Yiuf (D:5)
  23 orc wizards
  6 iguanas
  6 hell rats (Lair:6)
  34 worker ants
  A spriggan simulacrum (IceCv)
  2 troll simulacra (IceCv)
  2 acid dragon zombies (D:13)
  3 centaur simulacra (IceCv)
  A crocodile skeleton (Lair:1)
  2 acid dragon skeletons (D:14)
  2 hound zombies
  A hound skeleton (D:4)
  4 mummies (D:13)
  A worker ant zombie (D:11)
  6 gnolls
  11 adders
  A naga simulacrum (IceCv)
  5 orc skeletons
  An ogre simulacrum (IceCv)
  A gnoll skeleton (D:14)
  4 shadow imps
  An iguana zombie (D:11)
  2 adder skeletons
  An adder zombie (D:15)
  An iguana skeleton (D:12)
  4 worms
  A dart slug (D:1)
  6 leopard geckos
  67 orcs
  6 bats
  A bat skeleton (D:14)
  4 giant cockroaches
  4 goblins
  9 hobgoblins
  4 jackals
  3 quokkas
  5 ball pythons
  A ball python zombie (D:15)
  5 frilled lizards
  A giant cockroach zombie (D:15)
  A jackal zombie (D:6)
  12 kobolds
  A kobold skeleton (D:7)
  A leopard gecko skeleton (D:8)
  3 quokka skeletons
  7 rats
  2 butterflies (Lair:2)
  A fungus (Lair:6)
  16 plants
1398 creatures vanquished.

Vanquished Creatures (collateral kills)
  3 redbacks (Spider:2)
  2 soldier ants (Spider:2)
  A centaur (D:8)
  A worker ant (Spider:2)
7 creatures vanquished.

Vanquished Creatures (others)
  An unseen horror (Vaults:1)
  A wolf spider (Spider:2)
  A hornet (Swamp:2)
  2 redbacks
  A soldier ant (Spider:2)
  A howler monkey (D:5)
  A shadow imp (D:5)
  4 bushes
  9 fungi
  36 plants
57 creatures vanquished.

Grand Total: 1462 creatures vanquished

Notes
Turn   | Place    | Note
-------+----------+-------------------------------------------
     0 | D:1      | DildoBatman the Formicid Wizard began the quest for the
                  | Orb.
     0 | D:1      | Reached XP level 1. HP: 13/13 MP: 4/4
    22 | D:1      | Reached skill level 1 in Conjurations
   263 | D:1      | Reached XP level 2. HP: 19/19 MP: 3/6
   966 | D:1      | Reached XP level 3. HP: 19/24 MP: 1/7
  1908 | D:2      | Reached XP level 4. HP: 30/30 MP: 4/8
  1916 | D:2      | Found a bloodstained altar of Trog.
  1926 | D:2      | Learned a level 3 spell: Conjure Flame
  1930 | D:2      | Learned a level 3 spell: Mephitic Cloud
  2336 | D:3      | Found a shadowy altar of Dithmenos.
  2454 | D:3      | Reached XP level 5. HP: 34/35 MP: 1/9
  3660 | D:4      | Found Zaizat's Weapon Boutique.
  3781 | D:4      | Got a spiked cloak
  3792 | D:4      | Identified the +3 cloak of Fortification {Stlth+} (You
                  | found it on level 4 of the Dungeon)
  3911 | D:4      | Reached skill level 1 in Fire Magic
  3911 | D:4      | Reached XP level 6. HP: 41/41 MP: 5/10
  4356 | D:5      | Entered Level 5 of the Dungeon
  4356 | D:5      | Found Jyniw's Distillery.
  4367 | D:5      | Reached skill level 1 in Air Magic
  4396 | D:5      | Bought a potion of curing for 33 gold pieces
  4574 | D:5      | Found a glowing drain.
  4592 | D:5      | Reached skill level 5 in Conjurations
  4592 | D:5      | Reached XP level 7. HP: 13/46 MP: 1/11
  4604 | D:5      | Noticed Blork the orc
  4693 | D:5      | Noticed Grinder
  4707 | D:5      | Noticed Eustachio
  4954 | D:5      | Found a staircase to the Ecumenical Temple.
  4963 | Temple   | Entered the Ecumenical Temple
  5387 | D:5      | Noticed Sigmund
  5591 | D:6      | Found an opulent altar of Gozag.
  5874 | D:7      | Noticed Harold
  5913 | D:7      | Found a runed translucent door.
  5913 | D:7      | Noticed a human
  5923 | D:7      | Reached XP level 8. HP: 43/52 MP: 8/12
  5937 | D:7      | Found a basalt altar of Yredelemnul.
  6012 | D:7      | Noticed a hippogriff
  6075 | D:7      | Found a blossoming altar of Fedhas.
  6077 | D:7      | Found an ancient bone altar of Kikubaaqudgha.
  6084 | D:7      | Became a worshipper of Kikubaaqudgha
  6144 | D:7      | Killed a hippogriff
  6227 | D:6      | Found Xeatrem's Antique Weapon Boutique.
  6440 | D:6      | Reached skill level 5 in Fire Magic
  6608 | D:6      | Reached XP level 9. HP: 55/57 MP: 8/13
  6702 | D:6      | Reached * piety under Kikubaaqudgha
  6702 | D:6      | Identified Kikubaaqudgha's Almanac of Darkness
                  | (Kikubaaqudgha gifted it to you on level 6 of the Dungeon)
  6702 | D:6      | Received a gift from Kikubaaqudgha
  6702 | D:6      | Reached skill level 5 in Air Magic
  6811 | D:6      | Reached skill level 1 in Fighting
  6811 | D:6      | Reached skill level 1 in Armour
  7165 | D:5      | Killed Grinder
  7383 | D:5      | Noticed Edmund
  7404 | D:5      | Killed Edmund
  7526 | D:5      | Killed Sigmund
  7671 | D:5      | Killed Eustachio
  7671 | D:5      | Reached XP level 10. HP: 73/73 MP: 3/14
  7768 | D:5      | Found a runed translucent door.
  7769 | D:5      | Noticed Crazy Yiuf
  7782 | D:5      | Killed Crazy Yiuf
  7875 | D:4      | Killed Blork the orc
  8082 | D:7      | Gained mutation: You expend magic power (3 MP) to
                  | strengthen your wands. [potion of mutation]
  8082 | D:7      | Gained mutation: You are surrounded by a mild repulsion
                  | field. (EV +2) [potion of mutation]
  8108 | D:7      | Reached skill level 5 in Fighting
  8108 | D:7      | Reached skill level 5 in Armour
  8115 | D:7      | Reached ** piety under Kikubaaqudgha
  8316 | D:7      | Killed Harold
  8316 | D:7      | Reached skill level 5 in Dodging
  8602 | D:8      | Noticed Maurice
  8652 | D:8      | Killed Maurice
  8660 | D:8      | Reached skill level 1 in Necromancy
  8956 | D:8      | Noticed a two-headed ogre
  8963 | D:8      | Killed a two-headed ogre
  8963 | D:8      | Reached XP level 11. HP: 83/83 MP: 4/17
  9150 | D:8      | Reached skill level 5 in Spellcasting
  9241 | D:8      | Reached *** piety under Kikubaaqudgha
  9241 | D:8      | Identified Kikubaaqudgha's Disquisition on Evil Rites
                  | (Kikubaaqudgha gifted it to you on level 8 of the Dungeon)
  9241 | D:8      | Received a gift from Kikubaaqudgha
  9260 | D:8      | Learned a level 2 spell: Sublimation of Blood
  9264 | D:8      | Learned a level 3 spell: Vampiric Draining
  9269 | D:8      | Learned a level 4 spell: Dispel Undead
  9294 | D:8      | Found a staircase to the Lair.
  9751 | D:8      | Found an iron altar of Okawaru.
  9874 | D:8      | Lost mutation: You expend magic power (3 MP) to strengthen
                  | your wands. [potion of mutation]
  9874 | D:8      | Gained mutation: You are frail. (-10% HP) [potion of
                  | mutation]
  9874 | D:8      | Gained mutation: You have a somewhat thin skeletal
                  | structure. (Dex +2, Stealth) [potion of mutation]
  9874 | D:8      | Gained mutation: You expend magic power (3 MP) to
                  | strengthen your wands. [potion of mutation]
  9938 | D:9      | Lost mutation: You are frail. (-10% HP) [potion of
                  | mutation]
  9938 | D:9      | Lost mutation: You are surrounded by a mild repulsion
                  | field. (EV +2) [potion of mutation]
  9938 | D:9      | Lost mutation: You expend magic power (3 MP) to strengthen
                  | your wands. [potion of mutation]
  9938 | D:9      | Gained mutation: You expend magic power (3 MP) to
                  | strengthen your wands. [potion of mutation]
  9938 | D:9      | Gained mutation: You have sharp toenails. [potion of
                  | mutation]
 10061 | D:9      | Reached skill level 5 in Necromancy
 10070 | D:9      | Learned a level 5 spell: Borgnjor's Vile Clutch
 10072 | D:9      | Found Pisogo's Weapon Shop.
 10127 | D:9      | Reached skill level 1 in Earth Magic
 10158 | D:9      | Found Vaos's Food Boutique.
 10178 | D:9      | Noticed Grum
 10187 | D:9      | Found Liup's Distillery.
 10203 | D:9      | Killed Grum
 10262 | D:9      | Lost mutation: You have sharp toenails. [potion of
                  | mutation]
 10262 | D:9      | Lost mutation: You expend magic power (3 MP) to strengthen
                  | your wands. [potion of mutation]
 10262 | D:9      | Gained mutation: Armour fits poorly on your strangely
                  | shaped body. [potion of mutation]
 10262 | D:9      | Gained mutation: Your system is resistant to poisons.
                  | (rPois) [potion of mutation]
 10262 | D:9      | Gained mutation: Your spells are a little harder to cast,
                  | but a little more powerful. [potion of mutation]
 10289 | D:9      | Got an iridescent war axe
 10290 | D:9      | Identified the +3 war axe "Luatz" {vorpal, +Inv rPois rF-
                  | Int+4} (You found it on level 9 of the Dungeon)
 10298 | D:9      | Found a burning altar of Makhleb.
 10298 | D:9      | Noticed a blizzard demon
 10783 | D:9      | Found a hide-covered altar of Uskayaw.
 10833 | D:10     | Entered Level 10 of the Dungeon
 10963 | D:10     | Noticed an eight-headed hydra
 11218 | D:10     | Reached **** piety under Kikubaaqudgha
 11321 | D:10     | Killed an eight-headed hydra
 11321 | D:10     | Reached XP level 12. HP: 39/91 MP: 5/21
 11363 | D:10     | Reached skill level 5 in Earth Magic
 11635 | D:10     | Got an encrusted ring mail
 12116 | D:11     | Reached ***** piety under Kikubaaqudgha
 12247 | D:11     | Identified the +3 ring mail "Kistataigg" {rF+ MR- Str+7
                  | Int-5} (You found it on level 10 of the Dungeon)
 12327 | D:11     | Noticed Sonja
 12343 | D:11     | Killed Sonja
 12521 | D:11     | Found a staircase to the Orcish Mines.
 12550 | Orc:1    | Entered Level 1 of the Orcish Mines
 12650 | Orc:1    | Noticed an orc high priest
 12663 | Orc:1    | Noticed a sun demon
 12664 | Orc:1    | Killed an orc high priest
 12671 | Orc:1    | Noticed Erica
 12681 | Orc:1    | Killed Erica
 12731 | Orc:1    | Found Vachou Weac's Jewellery Boutique.
 12809 | Orc:1    | Found Sytoshre's Gadget Shop.
 13140 | Orc:2    | Entered Level 2 of the Orcish Mines
 13221 | Orc:2    | Found a staircase to the Elven Halls.
 13300 | Orc:2    | Noticed an ogre mage
 13317 | Orc:2    | Killed an ogre mage
 13328 | Orc:2    | Noticed a two-headed ogre
 13339 | Orc:2    | Reached XP level 13. HP: 58/97 MP: 5/22
 13392 | Orc:2    | Noticed an ogre mage
 13404 | Orc:2    | Reached skill level 10 in Earth Magic
 13406 | Orc:2    | Killed an ogre mage
 13523 | Orc:2    | Found Ziusim's Assorted Antiques.
 13523 | Orc:2    | Found Miep's Food Emporium.
 13524 | Orc:2    | Found Raecion's Gadget Emporium.
 13524 | Orc:2    | Found Poiqeloj's Antique Armour Shop.
 13551 | Orc:2    | Noticed Rupert
 13617 | Orc:2    | Found an iron altar of Okawaru.
 13629 | Orc:2    | Reached ****** piety under Kikubaaqudgha
 13639 | Orc:2    | Received a gift from Kikubaaqudgha
 13641 | Orc:2    | Fell from the grace of Kikubaaqudgha
 13861 | D:6      | Became a worshipper of Gozag Ym Sagoz the Greedy
 14023 | D:9      | Bought a potion of mutation for 120 gold pieces
 14023 | D:9      | Lost mutation: Your system is resistant to poisons. (rPois)
                  | [potion of mutation]
 14023 | D:9      | Lost mutation: Your spells are a little harder to cast, but
                  | a little more powerful. [potion of mutation]
 14023 | D:9      | Lost mutation: Armour fits poorly on your strangely shaped
                  | body. [potion of mutation]
 14023 | D:9      | Gained mutation: Your spells are a little harder to cast,
                  | but a little more powerful. [potion of mutation]
 14023 | D:9      | Gained mutation: You are partially covered in icy blue
                  | scales. (AC +2) [potion of mutation]
 14313 | Orc:2    | Noticed an ogre mage
 14322 | Orc:2    | Killed an ogre mage
 14671 | Orc:2    | Killed Rupert
 14671 | Orc:2    | Reached XP level 14. HP: 109/109 MP: 4/25
 14724 | Orc:1    | Found Acezac's Jewellery Emporium.
 15535 | D:12     | Reached skill level 10 in Fighting
 15535 | D:12     | Reached skill level 10 in Armour
 15964 | D:13     | Got a pair of slimy boots
 15975 | D:13     | Identified the cursed +0 pair of boots of Qeitey {+Fly
                  | Int+2 Slay-6} (You found it on level 13 of the Dungeon)
 16148 | D:13     | Got a jasper-encrusted leather armour
 16159 | D:13     | Identified the cursed +0 leather armour of Undesirable
                  | Species {rN+ Int+4} (You found it on level 13 of the
                  | Dungeon)
 16305 | D:13     | Found a snail-covered altar of Cheibriados.
 16664 | D:13     | Reached skill level 10 in Spellcasting
 16916 | D:13     | Found a gate to the Vaults.
 16947 | D:13     | Noticed a spark wasp
 16947 | D:13     | a queen ant changed into a spark wasp
 16949 | D:13     | a spark wasp changed into a queen ant
 16950 | D:13     | Noticed a storm dragon
 16950 | D:13     | a queen ant changed into a storm dragon
 16951 | D:13     | Noticed an entropy weaver
 16951 | D:13     | a storm dragon changed into an entropy weaver
 16953 | D:13     | an entropy weaver changed into a catoblepas
 16955 | D:13     | Noticed an azure jelly
 16955 | D:13     | a catoblepas changed into an azure jelly
 16957 | D:13     | an azure jelly changed into a death yak
 16964 | D:13     | Noticed a minotaur
 16964 | D:13     | a death yak changed into a minotaur
 16968 | D:13     | a minotaur changed into a catoblepas
 16981 | D:13     | Noticed an emperor scorpion
 16985 | D:13     | an emperor scorpion changed into a queen ant
 16986 | D:13     | Noticed a spark wasp
 16986 | D:13     | a queen ant changed into a spark wasp
 16988 | D:13     | a spark wasp changed into an ettin
 17001 | D:13     | Noticed a spark wasp
 17010 | D:13     | a spark wasp changed into an anaconda
 17531 | D:14     | Noticed Louise
 17538 | D:14     | Killed Louise
 17672 | D:14     | Reached XP level 15. HP: 60/115 MP: 10/31
 18676 | D:15     | Entered Level 15 of the Dungeon
 18676 | D:15     | Found a frozen archway.
 18858 | IceCv    | Entered an ice cave
 19712 | D:15     | Noticed Azrael
 19722 | D:15     | Killed Azrael
 20029 | D:15     | Reached skill level 15 in Spellcasting
 20208 | D:15     | Got a pair of jewelled boots
 20423 | D:15     | Found a staircase to the Depths.
 20517 | D:15     | Lost mutation: You are partially covered in icy blue
                  | scales. (AC +2) [potion of mutation]
 20517 | D:15     | Lost mutation: Your spells are a little harder to cast, but
                  | a little more powerful. [potion of mutation]
 20517 | D:15     | Gained mutation: You are partially covered in iridescent
                  | scales. (AC +2) [potion of mutation]
 20517 | D:15     | Gained mutation: You are surrounded by a mild repulsion
                  | field. (EV +2) [potion of mutation]
 20528 | D:15     | Identified the +1 pair of boots "Tuapayl" {rPois rC- MR-
                  | Dex+8} (You found it on level 15 of the Dungeon)
 20886 | Lair:1   | Entered Level 1 of the Lair of Beasts
 21067 | Lair:1   | Was forgiven by Kikubaaqudgha
 21965 | Lair:2   | Found a hole to the Spider Nest.
 22223 | Lair:2   | Reached XP level 16. HP: 112/122 MP: 25/35
 22848 | Lair:3   | You fall into a shaft and drop 2 floors!
 23307 | Lair:5   | Found a hazy altar of Hepliaklqana.
 23492 | Lair:5   | Found a staircase to the Slime Pits.
 24523 | Lair:3   | Reached skill level 15 in Earth Magic
 25107 | Lair:3   | Found a staircase to the Swamp.
 25283 | Lair:6   | Entered Level 6 of the Lair of Beasts
 25290 | Lair:6   | Found a dark tunnel.
 25522 | Volcano  | Entered a volcano
 25687 | Volcano  | Reached XP level 17. HP: 121/128 MP: 22/36
 26279 | Lair:6   | Found the +4 Cigotuvi's embrace {rRot *Drain rN+}
 26863 | Lair:6   | Lost mutation: You are partially covered in iridescent
                  | scales. (AC +2) [potion of mutation]
 26863 | Lair:6   | Lost mutation: You have a somewhat thin skeletal structure.
                  | (Dex +2, Stealth) [potion of mutation]
 26863 | Lair:6   | Gained mutation: You are agile. (Dex +2) [potion of
                  | mutation]
 26863 | Lair:6   | Gained mutation: You are weak. (Str -2) [potion of
                  | mutation]
 26863 | Lair:6   | Gained mutation: You have sharp fingernails. [potion of
                  | mutation]
 26864 | Lair:6   | Lost mutation: You have sharp fingernails. [potion of
                  | mutation]
 26864 | Lair:6   | Lost mutation: You are surrounded by a mild repulsion
                  | field. (EV +2) [potion of mutation]
 26864 | Lair:6   | Lost mutation: You are agile. (Dex +2) [potion of mutation]
 26864 | Lair:6   | Lost mutation: You are weak. (Str -2) [potion of mutation]
 26864 | Lair:6   | Gained mutation: Your spells are a little harder to cast,
                  | but a little more powerful. [potion of mutation]
 26864 | Lair:6   | Gained mutation: You are resistant to hostile enchantments.
                  | (MR+) [potion of mutation]
 26864 | Lair:6   | Gained mutation: You are partially covered in iridescent
                  | scales. (AC +2) [potion of mutation]
 27067 | Orc:2    | Bought an encrusted war axe for 229 gold pieces
 27067 | Orc:2    | Bought a scroll labeled DUTESOLAQO for 27 gold pieces
 27067 | Orc:2    | Identified the +7 war axe "Keoss" {vorpal, rPois rF- Int-3
                  | Dex+6} (You bought it in a shop on level 2 of the Orcish
                  | Mines)
 27115 | Orc:1    | Bought a wand of acid (6) for 280 gold pieces
 27186 | D:9      | Bought a potion of magic for 120 gold pieces
 27186 | D:9      | Bought a potion of cancellation for 120 gold pieces
 27186 | D:9      | Bought a potion of curing for 45 gold pieces
 27186 | D:9      | Bought 2 potions of brilliance for 120 gold pieces
 27186 | D:9      | Bought a potion of resistance for 150 gold pieces
 27186 | D:9      | Bought a potion of heal wounds for 75 gold pieces
 27308 | D:5      | Bought a potion of magic for 88 gold pieces
 27308 | D:5      | Bought a potion of curing for 33 gold pieces
 27308 | D:5      | Bought a potion of invisibility for 88 gold pieces
 27308 | D:5      | Bought 2 potions of heal wounds for 110 gold pieces
 27308 | D:5      | Bought a potion of curing for 33 gold pieces
 27308 | D:5      | Bought a potion of brilliance for 44 gold pieces
 27475 | Spider:1 | Entered Level 1 of the Spider Nest
 27752 | Spider:1 | Reached skill level 10 in Necromancy
 27954 | Spider:1 | Noticed Frances
 27965 | Spider:1 | Killed Frances
 28961 | Spider:1 | Learned a level 4 spell: Petrify
 28965 | Spider:2 | Got an encrusted morningstar
 28966 | Spider:2 | Identified the +5 morningstar of Judgement {freeze, Int+4}
                  | (You found it on level 2 of the Spider Nest)
 29016 | Spider:2 | Reached skill level 1 in Transmutations
 29176 | Spider:2 | Learned a level 5 spell: Bolt of Magma
 29183 | Spider:2 | Learned a level 6 spell: Iron Shot
 29381 | Spider:2 | Reached skill level 5 in Transmutations
 29386 | Spider:2 | Reached XP level 18. HP: 88/134 MP: 16/37
 29538 | Spider:2 | Noticed Nikola
 30277 | Spider:3 | Noticed Asterion
 30473 | Spider:3 | Killed Asterion
 30734 | Spider:3 | Reached skill level 5 in Shields
 31252 | Spider:4 | Entered Level 4 of the Spider Nest
 31858 | Spider:4 | Reached skill level 10 in Shields
 32444 | Spider:4 | Reached XP level 19. HP: 117/140 MP: 24/38
 32892 | Spider:4 | Got a gossamer rune of Zot
 33414 | Swamp:1  | Entered Level 1 of the Swamp
 33601 | Swamp:1  | Noticed Aizul
 34028 | Swamp:1  | Killed Aizul
 34680 | Swamp:2  | Found a blossoming altar of Fedhas.
 35178 | Swamp:3  | Reached skill level 15 in Shields
 35243 | Swamp:3  | Noticed Donald
 35243 | Swamp:3  | Noticed Mara
 35249 | Swamp:3  | Noticed DildoBatman's illusion
 35254 | Swamp:3  | Killed Donald
 35348 | Swamp:3  | Noticed Bai Suzhen
 35438 | Swamp:3  | Killed Bai Suzhen
 36198 | Vaults:1 | Entered Level 1 of the Vaults
 36319 | Vaults:1 | Found a flickering gateway to a bazaar.
 36331 | Bazaar   | Entered a bazaar
 36344 | Bazaar   | Found Vashyicw's Jewellery Emporium.
 36443 | Bazaar   | Found Utoruaru's Gadget Emporium.
 36451 | Bazaar   | Bought a wand of acid (4) for 176 gold pieces
 36451 | Bazaar   | Bought a wand of acid (9) for 286 gold pieces
 36473 | Bazaar   | Found Hiratel's Gadget Boutique.
 36481 | Bazaar   | Bought a wand of acid (11) for 330 gold pieces
 36481 | Bazaar   | Bought a wand of acid (4) for 176 gold pieces
 36509 | Bazaar   | Found Ciufao's Gadget Emporium.
 37229 | Swamp:3  | Noticed DildoBatman's illusion
 37231 | Swamp:3  | Killed Mara
 37231 | Swamp:3  | Reached XP level 20. HP: 120/147 MP: 16/39
 37828 | Swamp:4  | Entered Level 4 of the Swamp
 38260 | Swamp:4  | Reached skill level 15 in Necromancy
 38484 | Swamp:4  | Got a decaying rune of Zot
 40579 | Vaults:2 | Reached XP level 21. HP: 153/153 MP: 19/40
 40986 | Vaults:2 | Slain by a titanic slime creature

Illustrated notes

Levels and vault maps discovered:
D:1:      lemuel_arrival_cross, layout_basic
D:2:      layout_basic, lemuel_coloured_pillars_altar, due_unseen_surprise
D:3:      layout_basic, nicolae_dithmenos_shadow_blocks, first_ration
D:4:      layout_gridville, serial_shops, shop
D:5:      layout_cave_pools, lemuel_temple_firewalk_b,
          cheibrodos_sewer_entry_drain, serial_shops, shop,
          chequers_serial_rivers_marsh, uniq_blork_the_orc, uniq_eustachio,
          uniq_crazy_yiuf_cottage, uniq_grinder, uniq_sigmund, uniq_edmund
D:6:      layout_basic, nicolae_gozag_seed_capital, serial_shops,
          kennysheep_little_box
D:7:      layout_loops_ring, grunt_temple_overflow_growth_and_decay,
          dk_yredelemnul_ordeal, uniq_harold
D:8:      layout_loops_ring, okawaru_humans, minmay_lair_entry_grove,
          uniq_maurice
D:9:      layout_basic, makhleb_altar_promises_db, basic_altar, serial_shops,
          shop, shop, shop, grunt_livestock, uniq_grum
D:10:     layout_irregular_city
D:11:     layout_loops_ring, orc_0_dummy, uniq_sonja
D:12:     layout_roguey
D:13:     layout_loops_ring, david_vaults_4, serial_undead, serial_undead_a,
          serial_undead_a, serial_undead_d, serial_undead_d, basic_altar
D:14:     layout_long_grid, uniq_louise
D:15:     grunt_enter_depths_hoard, layout_rooms,
          portal_ice_cave_entry_pillars_2, nicolae_two_hexagons,
          minmay_misc_feat_hallway, nicolae_twisting_strands,
          minmay_misc_feat_square, minivault_12, uniq_azrael
Temple:   bh_familiar_temple
Lair:1:   layout_small_grid, serial_bayou_shore_a
Lair:2:   layout_roguey, spider_nest_entry_web_field, cheibrodos_lair_lostbears,
          grunt_megastairs_3, lemuel_fruit_fields, lemuel_fruit_fields,
          lemuel_fruit_tree, minmay_lair_oklob_chamber,
          infiniplex_staircase_pool_2
Lair:3:   layout_roguey, palyth_hydra_swamp_entry, special_room
          [special_room_bee]
Lair:4:   layout_gridlike, small_statue_intersection, st_stairs_8,
          beast_lair_carwin_1
Lair:5:   layout_cave_pods, minmay_slime_entry_eyes, basic_altar,
          infiniplex_staircase_pool
Lair:6:   grunt_lair_end_beastmaster, layout_gridlike,
          nicolae_volcano_entry_vermiform
Swamp:1:  layout_basic_swamp, evilmike_swamp_ruin_rubble_1, swamp_pool1,
          nicolae_swamp_very_dense_foliage, uniq_aizul
Swamp:2:  layout_basic_swamp, basic_altar, swamp_pool3
Swamp:3:  layout_falls_marsh, nicolae_swamp_trees_clearing, uniq_donald,
          uniq_mara, uniq_bai_suzhen
Swamp:4:  swamp, layout_basic_swamp
Spider:1: layout_spider_delve, uniq_frances
Spider:2: layout_spider_delve, minmay_another_anthill, uniq_nikola
Spider:3: layout_chambers, special_room, uniq_asterion
Spider:4: grunt_spider_rune_parallel
Orc:1:    layout_diamond_mine, serial_shops, shop, shop, shop, uniq_erica
Orc:2:    st_orc_ogre_mass, layout_diamond_mine, david_defended_altar_orc,
          uniq_rupert
Vaults:1: v_misc_30, ontoclasm_vaults_ring_small, nicolae_vaults_little_ls,
          vaults_mumra_chevron_long, grunt_vaults_hallway_short, v_pattern_5,
          nicolae_vaults_border_crossing, vaults_dpeg_encased_lava,
          hangedman_vaults_snaps, nicolae_vaults_windows_and_doors_thing,
          layout_vaults_quadrants, serial_shops, bzr_entry_road
Vaults:2: hangedman_vaults_slice, hangedman_vaults_stream,
          hangedman_vaults_stagger, vaults_dpeg_hooks,
          ontoclasm_vaults_ring_large, nicolae_vaults_theta,
          nicolae_vaults_yaktaur_gun_rack, v_misc_11, vaults_room_pools,
          vaults_mumra_hex, layout_vaults_ring

Skill      XL: |  1  2  3  4  5  6  7  8  9 10 11 12 13 14 15 16 17 18 19 20 21 |
---------------+----------------------------------------------------------------+-----
Conjurations   | 1 2 3 4 5 6 |  6.0
Fire Magic     | 1 2 3 5 |  5.0
Air Magic      | 2 4 5 |  5.0
Shields        | 3 11 15 | 15.0
Fighting       | 4 6 7 9 10 | 10.0
Armour         | 4 6 7 9 10 | 10.0
Dodging        | 4 6 7 |  7.0
Necromancy     | 2 6 9 12 14 17 18 | 18.0
Spellcasting   | 4 6 7 12 15 | 15.0
Earth Magic    | 4 9 11 12 16 18 | 18.0
Transmutations | 5 8 |  8.0
Stealth        | |  2.4
Summonings     | |  1.0
Translocations | |  0.8

Action                   |  1- 3 |  4- 6 |  7- 9 | 10-12 | 13-15 | 16-18 | 19-21 || total
-------------------------+-------+-------+-------+-------+-------+-------+-------++-------
Melee: Club              |    24 |       |       |       |       |       |       ||    24
       Unarmed           |     4 |       |       |       |       |       |       ||     4
       Flail             |     1 |       |       |     1 |       |       |       ||     2
       Whip              |       |    27 |    10 |       |       |       |       ||    37
       Trident           |       |       |   175 |   334 |       |       |       ||   509
       War axe           |       |       |       |   188 |   306 |   482 |   299 ||  1275
       Falchion          |       |       |       |       |   118 |       |       ||   118
       Scimitar          |       |       |       |       |    10 |    10 |    23 ||    43
Throw: Stone             |     3 |     2 |     1 |       |       |       |       ||     6
       Dart              |       |    39 |    46 |    16 |    26 |       |       ||   127
       Boomerang         |       |     4 |       |       |       |       |       ||     4
       Javelin           |       |       |     1 |       |       |     2 |     3 ||     6
 Cast: Magic Dart        |    74 |    77 |    57 |    39 |    26 |    22 |       ||   295
       Conjure Flame     |       |     2 |    23 |    42 |    78 |    25 |    35 ||   205
       Mephitic Cloud    |       |     7 |    30 |    62 |    25 |    50 |     3 ||   177
       Dispel Undead     |       |       |       |     9 |    20 |       |    28 ||    57
       Borgnjor's Vile C |       |       |       |    22 |   146 |   332 |   262 ||   762
       Sublimation of Bl |       |       |       |     5 |    13 |    11 |    16 ||    45
       Vampiric Draining |       |       |       |       |     7 |    26 |    13 ||    46
       Iron Shot         |       |       |       |       |       |     2 |       ||     2
       Bolt of Magma     |       |       |       |       |       |     1 |    18 ||    19
Invok: Receive Necronomi |       |       |       |       |     1 |       |       ||     1
       Renounce Religion |       |       |       |       |     1 |       |       ||     1
 Abil: Dig               |     2 |     6 |    22 |    18 |    18 |    22 |       ||    88
Evoke: Wand              |       |       |       |       |     3 |     1 |       ||     4
  Use: Scroll            |       |     3 |     4 |     2 |     2 |    27 |     3 ||    41
       Potion            |       |     4 |     1 |     4 |     4 |     5 |     1 ||    19
 Stab: Confused          |       |     1 |    12 |    39 |    14 |    33 |     1 ||   100
       Sleeping          |       |       |     1 |     3 |     4 |     3 |       ||    11
       Distracted        |       |       |       |     1 |     3 |     3 |     7 ||    14
  Eat: Chunk             |     3 |     6 |    14 |    32 |     5 |       |       ||    60
       Ration            |       |     1 |     1 |       |    13 |    11 |     8 ||    34
Armor: Robe              |    14 |    31 |    32 |    19 |       |       |       ||    96
       Troll leather arm |       |       |       |    46 |   197 |   373 |   158 ||   774
Dodge: Dodged            |    38 |    63 |    93 |   286 |   476 |   795 |   261 ||  2012
Block: Buckler           |       |     7 |    22 |    89 |   130 |   252 |       ||   500
       Kite shield       |       |       |       |       |       |   115 |       ||   115
       Tower shield      |       |       |       |       |       |    13 |   536 ||   549
       Rpst.: Falchion   |       |       |       |       |    32 |       |       ||    32
       Scimitar          |       |       |       |       |     3 |     5 |     1 ||     9
